Map: Tours du crépuscule

Players

Worming - Winner!

  • Race: Zerg Zerg
  • League: Diamond

Savoir

  • Race: Protoss Protoss
  • League: Diamond

VOD

Have the link to the VOD?

Description

Time

  • Played on: Jan. 22, 2016, 5:05 p.m.
  • Length: 14:46
Show
View Real Time Build Order
Export as new Build Order

Worming Zerg - Winner!

Build Orders: Hatch First, Lurkers 

Get SALT Encoding   

  12  0:01  Drone  
  13  0:14  Overlord  
  13  0:17  Drone  
  14  0:32  Drone x2  
  16  0:36  Drone  
  17  0:53  Hatchery  
  17  0:56  Drone  
  17  1:10  Spawning Pool  
  17  1:11  Drone  
  17  1:14  Drone  
  18  1:20  Drone  
  18  1:23  Extractor  
  18  1:34  Drone  
  19  1:48  Overlord  
  19  1:53  Drone  
  20  1:56  Queen  
  22  2:04  Zergling x2  
  22  2:05  Queen  
  22  2:06  Drone  
  26  2:14  Drone  
  27  2:19  Drone  
  28  2:24  Drone  
  28  2:25  Metabolic Boost  
  28  2:28  Drone  
  30  2:36  Drone  
  31  2:38  Drone  
  32  2:45  Overlord  
  32  2:51  Drone  
  33  2:57  Drone  
  34  3:05  Drone x4  
  38  3:10  Queen  
  39  3:17  Roach Warren  
  39  3:18  Drone x2  
  39  3:19  Drone  
  41  3:20  Drone  
  41  3:23  Drone  
  41  3:24  Hatchery  
  42  3:27  Overlord  
  42  3:46  Zergling x4  
  42  3:47  Zergling x8  
  42  4:19  Drone x8  
  42  4:20  Drone  
  42  4:23  Lair  
  51  4:27  Evolution Chamber  
  51  4:28  Overlord, Evolution Chamber  
  51  4:29  Overlord  
  49  4:43  Extractor  
  48  4:46  Extractor  
  47  4:54  Extractor  
  47  4:55  Drone x11  
  56  5:01  Overlord  
  56  5:02  Queen  
  58  5:14  Drone x6  
  64  5:26  Zerg Melee Weapons Level 1, Zerg Ground Armor Level 1  
  64  5:29  Overlord x2  
  64  5:32  Roach  
  64  5:33  Roach x4  
  74  5:38  Overlord  
  74  5:39  Overlord  
  74  5:48  Spine Crawler  
  69  5:50  Spine Crawler  
  69  5:53  Glial Reconstitution  
  68  5:57  Drone x3  
  68  5:58  Drone x2  
  68  5:59  Drone x4  
  68  6:00  Drone x4  
  80  6:06  Spore Crawler  
  80  6:07  Spore Crawler x3  
  80  6:09  Overseer  
  74  6:14  Overseer  
  74  6:16  Overseer  
  58  6:32  Drone x5  
  61  6:46  Drone x2  
  63  7:03  Drone x4  
  63  7:04  Drone x2  
  63  7:06  Drone  
  70  7:15  Drone x2  
  72  7:18  Roach x5  
  72  7:21  Zerg Missile Weapons Level 1  
  72  7:31  Ravager x5  
  72  7:34  Drone x2  
  72  7:35  Drone x2  
  76  7:39  Roach  
  76  7:40  Roach x10  
  92  7:52  Hydralisk Den  
  91  8:00  Extractor x2  
  89  8:07  Zergling x16  
  89  8:08  Zergling x2  
  98  8:14  Overlord  
  98  8:15  Overlord x3  
  98  8:18  Hatchery  
  98  8:20  Drone  
  98  8:31  Overlord, Muscular Augments  
  98  8:33  Zergling x12  
  98  8:34  Zergling x4  
  106  8:50  Hydralisk x6  
  106  8:51  Hydralisk x2  
  122  8:58  Overlord  
  122  8:59  Overlord  
  121  9:19  Hydralisk  
  121  9:20  Zergling x2, Hydralisk x3  
  121  9:21  Zergling x12  
  136  9:33  Roach  
  136  9:34  Roach x3  
  140  9:48  Zerg Missile Weapons Level 2  
  140  9:49  Zerg Ground Armor Level 2  
  140  9:53  Lurker Den  
  140  9:58  Overseer  
  140  10:04  Drone x5  
  140  10:06  Drone, Extractor  
  140  10:07  Drone x3, Extractor  
  145  10:08  Drone x4  
  145  10:09  Overlord x2  
  150  10:33  Spine Crawler  
  150  10:34  Spine Crawler  
  145  10:39  Overlord x2  
  145  10:45  Roach  
  145  10:46  Roach x12  
  145  10:47  Overlord x2  
  145  10:49  Drone  
  173  10:50  Drone  
  169  11:08  Hydralisk x7  
  169  11:09  Hydralisk  
  185  11:13  Ravager x2  
  185  11:14  Ravager x3  
  190  11:20  Lurker x3  
  190  11:22  Zergling x10  
  197  11:39  Ravager x2  
  199  11:40  Ravager  
  198  11:54  Zergling x18, Roach  
  172  11:55  Roach x5  
  157  12:03  Zergling x6  
  136  12:08  Zergling x2  
  136  12:09  Zergling x4  
  136  12:14  Hydralisk  
  133  12:31  Hatchery  
  132  12:48  Roach x7  
  132  12:49  Zergling x18, Roach  
  156  12:54  Overseer x2  
  150  13:02  Hydralisk x6  
  150  13:03  Roach, Hydralisk  
  150  13:04  Roach  
  160  13:09  Ravager x3  
  160  13:10  Lurker x2, Ravager  
  160  13:11  Lurker x2  
  168  13:14  Hydralisk  
  168  13:15  Hydralisk x3  
  175  13:22  Infestation Pit  
  174  13:38  Roach x2  
  149  13:56  Roach x4  
  149  13:57  Zergling x18, Roach x6  
  176  14:21  Hydralisk x6  
  176  14:22  Roach x3  
Show
View Real Time Build Order
Export as new Build Order

Savoir Protoss 

Build Orders: Nexus First 

Get SALT Encoding   

  12  0:01  Probe (Chrono Boost)  
  13  0:11  Probe (Chrono Boost)  
  14  0:17  Pylon  
  14  0:22  Probe (Chrono Boost)  
  15  0:36  Probe (Chrono Boost)  
  16  0:46  Probe (Chrono Boost)  
  17  0:59  Nexus  
  17  1:09  Gateway  
  17  1:12  Probe (Chrono Boost)  
  17  1:16  Assimilator  
  18  1:23  Probe (Chrono Boost)  
  19  1:26  Assimilator  
  19  1:33  Probe (Chrono Boost)  
  20  1:40  Gateway  
  20  1:44  Probe (Chrono Boost)  
  21  1:55  Probe (Chrono Boost)  
  22  2:01  Cybernetics Core  
  22  2:06  Probe (Chrono Boost)  
  23  2:16  Probe (Chrono Boost)  
  23  2:19  Probe (Chrono Boost)  
  25  2:27  Probe (Chrono Boost)  
  26  2:38  Adept x2 (Chrono Boost)  
  26  2:40  Mothership Core  
  26  2:41  Probe  
  26  2:43  Pylon  
  33  2:46  Warp Gate  
  33  2:53  Probe (Chrono Boost)  
  33  3:01  Probe (Chrono Boost)  
  33  3:02  Stalker (Chrono Boost)  
  33  3:05  Probe (Chrono Boost)  
  38  3:12  Probe (Chrono Boost)  
  38  3:15  Probe (Chrono Boost)  
  38  3:17  Twilight Council  
  39  3:23  Probe (Chrono Boost)  
  39  3:25  Pylon  
  39  3:26  Probe (Chrono Boost)  
  41  3:33  Probe (Chrono Boost)  
  42  3:36  Probe (Chrono Boost)  
  42  3:38  Pylon  
  43  3:44  Probe (Chrono Boost)  
  43  3:46  Robotics Facility  
  43  3:47  Probe (Chrono Boost)  
  45  3:55  Probe (Chrono Boost)  
  46  3:58  Probe (Chrono Boost)  
  47  4:16  Probe x2 (Chrono Boost)  
  45  4:21  Dark Shrine  
  45  4:26  Probe (Chrono Boost)  
  45  4:27  Assimilator  
  45  4:29  Pylon  
  46  4:32  Assimilator, Warp Prism (Chrono Boost)  
  46  4:34  Resonating Glaives  
  48  4:43  Gateway  
  48  4:46  Gateway  
  48  4:47  Gateway  
  48  4:50  Sentry x2  
  48  4:51  Probe  
  52  4:53  Probe  
  54  5:02  Probe  
  54  5:05  Probe  
  56  5:10  Immortal (Chrono Boost)  
  56  5:13  Probe, Adept  
  56  5:14  Adept  
  64  5:21  Pylon x2  
  65  5:36  Dark Templar  
  65  5:37  Dark Templar  
  69  5:49  Dark Templar  
  71  5:59  Adept x2  
  75  6:22  Immortal (Chrono Boost)  
  79  6:31  Probe  
  79  6:33  Probe  
  77  6:45  Probe  
  77  6:46  Nexus  
  78  6:47  Pylon  
  78  6:48  Probe, Pylon  
  78  6:49  Pylon  
  78  6:50  Pylon  
  78  6:51  Stalker x3  
  85  6:55  Blink (Chrono Boost)  
  85  6:57  Probe  
  85  7:00  Pylon x2  
  86  7:05  Pylon x2  
  86  7:06  Immortal (Chrono Boost)  
  90  7:09  Gateway  
  90  7:10  Gateway, Probe  
  90  7:11  Probe  
  92  7:16  Adept  
  92  7:17  Adept x3  
  92  7:20  Probe  
  101  7:23  Probe  
  102  7:31  Probe  
  103  7:40  Immortal (Chrono Boost)  
  103  7:42  Stalker x3  
  103  7:43  Stalker  
  115  7:50  Gateway x2  
  115  7:53  Forge  
  115  7:55  Forge  
  115  8:01  Probe  
  115  8:02  Probe  
  115  8:03  Probe  
  118  8:12  Probe  
  119  8:22  Protoss Ground Weapons Level 1 (Chrono Boost)  
  119  8:26  Probe  
  119  8:27  Probe  
  117  8:28  Probe  
  117  8:30  Assimilator  
  120  8:34  Assimilator  
  120  8:35  Protoss Ground Armor Level 1 (Chrono Boost)  
  120  8:37  Probe  
  120  8:40  Zealot  
  123  8:44  Immortal  
  123  8:47  Probe  
  128  8:48  Probe x2  
  128  8:49  Robotics Facility  
  130  8:56  Charge (Chrono Boost)  
  130  9:00  Probe x2  
  132  9:04  Stalker x3  
  132  9:05  Stalker  
  140  9:10  Pylon  
  140  9:11  Pylon  
  140  9:12  Nexus  
  140  9:18  Stalker x2  
  144  9:28  Immortal  
  144  9:50  Immortal  
  148  9:55  Templar Archives  
  148  10:07  Immortal  
  150  10:29  Dark Templar x3  
  150  10:30  Dark Templar x5  
  150  10:31  Dark Templar  
  150  10:33  Archon x2  
  150  10:34  Archon x2  
  168  10:48  Gateway  
  168  10:49  Gateway  
  168  10:51  Gateway  
  168  10:57  Assimilator  
  168  11:01  Assimilator  
  168  11:02  Dark Templar x4  
  176  11:05  Dark Templar  
  176  11:07  Archon x2  
  176  11:10  Archon  
  178  11:18  Protoss Ground Weapons Level 2 (Chrono Boost), Protoss Ground Armor Level 2 (Chrono Boost)  
  178  11:38  Observer x2  
  166  11:59  Observer  
  97  12:08  Zealot x2  
  97  12:09  Zealot x6  
  97  12:10  Zealot  
  93  12:16  Immortal  
  93  12:20  Immortal  
  97  12:38  Dark Templar x5  
  97  12:39  Dark Templar x2  
  97  12:42  Stalker x2  
  97  12:43  Stalker  
  113  12:55  Immortal  
  113  12:58  Dark Templar x2  
  101  13:03  Immortal  
  107  13:10  Stalker x3  
  107  13:12  Archon x3  
  113  13:13  Archon  
  113  13:18  Zealot x5  
  113  13:19  Zealot  
  125  13:38  Nexus, Zealot x2  
  116  14:00  Zealot x2  
  116  14:01  Zealot  
  116  14:02  Observer x2  
  123  14:09  Zealot x5  
  133  14:10  Zealot  
  133  14:11  Zealot  
  131  14:23  Observer x2  
  99  14:31  Zealot  
  99  14:32  Zealot x2  
  99  14:33  Zealot x4  
  99  14:34  Zealot x2  
Tags
 
Add a new tag
Caveats
  • Supply blocks, unpowered buildings, or Contaminate may cause inaccurate times.
  • Supply counts are checked every 10 seconds.